AoeStats
← Zumoshi

Arabia

509580013Analyzed
1v1 RM · 6d ago on Sep 27, 2026· 35m 11s· 2 players
Game mode
Random Map
Map size
Tiny (2 player)
Population
200
Speed
Normal
Resources
Standard
Victory
Conquest
Starting age
Dark Age
Ending age
Imperial Age
RankedLock teamsTeams togetherTeam positionsShared explorationLock speedFull tech treeHidden civsTurbo modeCheats
Victory
Defeat
🇳🇿 Vikings · New Zealand
1216
+15
🇮🇱 Khitans · Israel
1191
-15
Zumoshi
7:20 Loom
9:37 Feudal Age
10:38 Man-at-Arms
12:17 Double-Bit Axe
21:06 Castle Age
19:29 Gold Mining
21:16 Domestication
22:39 Scale Barding Armor
22:46 Forging
24:26 Chain Barding Armor
25:24 Iron Casting
26:11 Husbandry
32:04 Wheelbarrow
31:50 Bow Saw
32:46 Fletching
34:14 Bodkin Arrow
34:34 Elite Skirmisher
Cinders
6:58 Loom
9:16 Feudal Age
9:54 Double-Bit Axe
20:16 Castle Age
18:14 Fletching
19:18 Horse Collar
21:23 Bow Saw
20:47 Crossbowman
22:34 Padded Archer Armor
23:14 Bodkin Arrow
26:12 Pikeman
29:06 Scale Mail Armor
30:24 Gold Mining
31:32 Squires
31:45 Forging
33:38 Chain Mail Armor
33:58 Iron Casting
33:33 Heavy Plow
34:05 Arson
34:46 Ballistics
Connection lost

Rejoining the realm…

Still unreachable

The connection could not be restored.

Session expired

The server has moved on; the page needs a fresh start.